 Dungeon Crawl Stone Soup version 0.23-a0-375-g66a18ee (webtiles) character file.

3432 Garbasso the Purveyor of Pain (level 9, -5/68 HPs)
             Began as a Demonspawn Necromancer on Oct 26, 2018.
             Was an Initiate of Kikubaaqudgha.
             Slain by a wyvern (14 damage)
             ... on level 8 of the Dungeon.
             The game lasted 00:35:18 (11120 turns).

Garbasso the Purveyor of Pain (DsNe)               Turns: 11120, Time: 00:35:19

Health: -5/68      AC:  9    Str:  9    XL:     9   Next: 77%
Magic:  0/13       EV: 14    Int: 19    God:    Kikubaaqudgha [......]
Gold:   707        SH:  0    Dex: 14    Spells: 5/14 levels left

rFire    . . .     SeeInvis .   b - +1 trident
rCold    . . .     Gourm    .   (no shield)
rNeg     . . .     Faith    .   q - +0 ring mail
rPois    +         Spirit   +   (helmet restricted)
rElec    .         Reflect  .   (no cloak)
rCorr    .         Harm     .   w - +0 pair of gloves
MR       .....                  p - +1 pair of boots
Stlth    ++........             (no amulet)
HPRegen  0.21/turn              d - ring of poison resistance
MPRegen  0.26/turn              C - ring of stealth

@: no status effects
A: antennae 2, powered by death 1, magic shield, magic regeneration, sturdy
frame 2
a: Renounce Religion


You were on level 8 of the Dungeon.
You worshipped Kikubaaqudgha.
Kikubaaqudgha was noncommittal.
You were hungry.

You visited 2 branches of the dungeon, and saw 9 of its levels.

You collected 707 gold pieces.

Inventory:

Hand Weapons
 b - a +1 trident (weapon)
Missiles
 y - 2 javelins (quivered)
Armour
 p - a +1 pair of boots (worn)
 q - a +0 ring mail (worn)
 t - a +0 robe
 v - a +0 scale mail
 w - a +0 pair of gloves (worn)
Magical Staves
 a - an uncursed staff of energy
Jewellery
 d - a ring of poison resistance (left hand)
 z - an uncursed ring of resist corrosion
 C - a ring of stealth (right hand)
Wands
 i - a wand of scattershot (3)
 n - a wand of iceblast (12)
 o - a wand of digging (11)
 x - a wand of paralysis (15)
Scrolls
 g - 2 scrolls of enchant armour
 h - 2 scrolls of identify
 j - 2 scrolls of remove curse
 s - a scroll of magic mapping
 A - a scroll of teleportation
 E - a scroll of fog {unknown}
Potions
 e - a potion of flight {unknown}
 f - a potion of might
 k - 2 potions of berserk rage
 l - 3 potions of heal wounds
 m - a potion of mutation
 r - 5 potions of curing
 u - 4 potions of brilliance
 B - a potion of invisibility
Comestibles
 c - 12 rations


   Skills:
 + Level 5.6 Fighting
 + Level 5.1 Armour
 + Level 5.6 Dodging
 - Level 1.7 Stealth
 - Level 3.1 Spellcasting
 * Level 10.9 Necromancy


You had 5 spell levels left.
You knew the following spells:

 Your Spells              Type           Power        Failure   Level  Hunger
a - Pain                  Necr           ####         1%          1    None
b - Animate Skeleton      Necr           N/A          1%          1    None
c - Regeneration          Chrm/Necr      ###.......   5%          3    ###....
d - Animate Dead          Necr           N/A          1%          4    ####...

Your spell library contained the following spells:

 Spells                   Type           Power        Failure   Level  Hunger
 Vampiric Draining        Necr           #####.....   1%          3    ###....


Dungeon Overview and Level Annotations

Branches:
Dungeon (8/15)             Temple (1/1) D:6
   Lair: D:8-11

Altars:
Ashenzari
Cheibriados
Dithmenos
Elyvilon
Fedhas
Gozag
Hepliaklqana
Kikubaaqudgha
Makhleb
Nemelex Xobeh
Okawaru
Qazlal
Ru
Sif Muna
Trog
Uskayaw
Vehumet
Wu Jian
Xom
Yredelemnul
Zin
The Shining One

Annotations:
D:7 Menkaure


Innate Abilities, Weirdness & Mutations

You have a pair of antennae on your head.
You regenerate a little health from kills.
When hurt, damage is shared between your health and your magic reserves.
You regenerate magic rapidly.
Your movements are less encumbered by armour. (ER -4)


Message History

The wyvern closely misses you. x2
You closely miss the wyvern.
The wyvern is severely wounded.
The wyvern barely misses you. The wyvern bites you.
You closely miss the wyvern.
The wyvern is severely wounded.
The wyvern bites you! The wyvern bites you.
You puncture the wyvern!
The wyvern is almost dead.
The wyvern hisses menacingly.
The wyvern misses you. The wyvern bites you!
* * * LOW HITPOINT WARNING * * *
The wyvern misses you.
The wyvern bites you but does no damage.
The wyvern bites you!
* * * LOW HITPOINT WARNING * * *
The wyvern bites you but does no damage.
The wyvern bites you!
You die...
Kikubaaqudgha rasps: "You have failed me!
Welcome... death!"

#.......#........ ... #.#
#.#....)..#######......# #.#.
#.#..........# ......### #)#.#
##.#..........# .....##.#)#.#.
#..#......)...# .....###.#.#.#
#..##.##...[..### #.......#.#
#..##.##........# #......#.#
#.....##........######.......#.#
..###.##........@l..........#.#.#
### #.....######.........#.#.#.#.
### ##..<{# #.........##.#.#.#
..#######.# #(........# #.#.#.
.........Z# #.........##.#.#.#
......##..# #...).).......#.#.
......##..# #.................
......##..# #.................
.......#..# #...............


You could see a wyvern.

Vanquished Creatures
  2 hippogriffs (D:7)
  Sigmund (D:6)
  3 yaks
  2 sky beasts
  An ice beast (D:6)
  6 ogres
  2 centaurs (D:5)
  A crocodile (D:7)
  A bullfrog (D:6)
  A scorpion (D:4)
  4 killer bees (D:8)
  A bullfrog zombie (D:8)
  2 hounds
  4 crimson imps
  An iron imp (D:7)
  3 orc priests
  A centaur skeleton (D:6)
  A jelly (D:7)
  2 iguanas
  3 orc wizards
  2 worker ants
  A gnoll (D:1)
  8 adders
  A shadow imp (D:7)
  2 oozes
  2 adder skeletons
  A worm (D:2)
  A dart slug (D:2)
  4 leopard geckos
  24 orcs
  6 giant cockroaches
  9 goblins
  7 hobgoblins
  13 jackals
  4 quokkas
  A ball python (D:3)
  11 bats
  4 frilled lizards
  9 kobolds
  A leopard gecko skeleton (D:5)
  6 rats
159 creatures vanquished.

Vanquished Creatures (collateral kills)
  3 yaks
  A phantom (D:8)
  A crimson imp (D:5)
  A howler monkey (D:5)
  An orc wizard (D:4)
  A centaur skeleton (D:8)
  An adder (D:4)
  An ooze (D:1)
  A worm (D:3)
  2 dart slugs
  A bat (D:1)
  A giant cockroach (D:6)
  2 goblins (D:1)
  A hobgoblin (D:3)
  A frilled lizard (D:3)
19 creatures vanquished.

Vanquished Creatures (others)
  2 toadstools (D:3)
2 creatures vanquished.

Grand Total: 180 creatures vanquished

Notes
Turn   | Place    | Note
-------+----------+-------------------------------------------
     0 | D:1      | Garbasso the Demonspawn Necromancer began the quest for the
                  | Orb.
     0 | D:1      | Reached XP level 1. HP: 13/13 MP: 3/3
   226 | D:1      | Gained mutation: Your movements are slightly less
                  | encumbered by armour. (ER -2) [demonic ancestry]
   226 | D:1      | Reached XP level 2. HP: 19/19 MP: 1/5
   328 | D:1      | Learned a level 1 spell: Animate Skeleton
   542 | D:1      | Reached skill level 5 in Necromancy
   560 | D:1      | Reached XP level 3. HP: 15/24 MP: 1/6
   883 | D:1      | Learned a level 3 spell: Regeneration
  1424 | D:2      | Found a faded altar of an unknown god.
  1899 | D:2      | Gained mutation: Your movements are less encumbered by
                  | armour. (ER -4) [demonic ancestry]
  1899 | D:2      | Reached XP level 4. HP: 28/30 MP: 5/8
  2150 | D:2      | Found a deep blue altar of Sif Muna.
  2483 | D:3      | Reached skill level 6 in Necromancy
  2761 | D:2      | Found a stormy altar of Qazlal.
  3225 | D:3      | Gained mutation: You have a pair of small antennae on your
                  | head. [demonic ancestry]
  3225 | D:3      | Reached XP level 5. HP: 25/35 MP: 4/9
  3460 | D:3      | Learned a level 4 spell: Animate Dead
  4273 | D:4      | Reached skill level 1 in Fighting
  4428 | D:4      | Reached skill level 1 in Armour
  4764 | D:4      | Gained mutation: When hurt, damage is shared between your
                  | health and your magic reserves. [demonic ancestry]
  4764 | D:4      | Reached XP level 6. HP: 39/43 MP: 4/10
  4871 | D:4      | Reached skill level 7 in Necromancy
  5358 | D:5      | Entered Level 5 of the Dungeon
  5738 | D:5      | Gained mutation: You have a pair of antennae on your head.
                  | [demonic ancestry]
  5738 | D:5      | Reached XP level 7. HP: 36/50 MP: 6/11
  5747 | D:5      | Found a basalt altar of Yredelemnul.
  6710 | D:5      | Found an iron altar of Okawaru.
  6882 | D:5      | Reached skill level 8 in Necromancy
  6988 | D:5      | Found a white marble altar of Elyvilon.
  7537 | D:6      | Found a staircase to the Ecumenical Temple.
  7546 | Temple   | Entered the Ecumenical Temple
  7776 | D:6      | Noticed Sigmund
  7846 | D:6      | Gained mutation: You regenerate a little health from kills.
                  | [demonic ancestry]
  7846 | D:6      | Reached XP level 8. HP: 43/58 MP: 8/12
  8642 | D:6      | Reached skill level 9 in Necromancy
  9050 | D:6      | Killed Sigmund
  9173 | D:6      | Found a shadowy altar of Dithmenos.
  9398 | D:6      | Gained mutation: You regenerate magic rapidly. [demonic
                  | ancestry]
  9398 | D:6      | Reached XP level 9. HP: 61/66 MP: 6/13
  9523 | D:7      | Noticed Menkaure
  9752 | D:7      | Reached skill level 10 in Necromancy
  9813 | D:7      | Reached skill level 5 in Dodging
 10013 | D:7      | Found a snail-covered altar of Cheibriados.
 10023 | D:7      | Reached skill level 5 in Fighting
 10742 | D:8      | Found a sacrificial altar of Ru.
 10765 | D:8      | Reached skill level 5 in Armour
 10804 | D:8      | Found an ancient bone altar of Kikubaaqudgha.
 10812 | D:8      | Became a worshipper of Kikubaaqudgha
 11120 | D:8      | Slain by a wyvern

Vault maps used:
D:1:      dpeg_arrival_three_smaller_balls, kennysheep_small_spiral,
          minmay_small_reverse_x
D:2:      nicolae_qazlal_eye_of_the_storm, led_sif_pool,
          chequers_ecumenical_altar_island, first_ration, grunt_decor_clamped
D:3:      minmay_gold_behind_fungi
D:4:      bh_walls_and_bars
D:5:      old_standard_altar, kennysheep_okawaru_gauntlet, lemuel_round_altar,
          serial_glass, glass_columns_b, glass_columns_b, glass_columns_a,
          glass_columns_b, glass_columns_a, glass_columns_a
D:6:      kennysheep_little_box, minmay_temple_entry_statues_fountains,
          uniq_sigmund
D:7:      slow_altar_1, uniq_menkaure
D:8:      chequers_temple_overflow_statue_of_worship
Temple:   nicolae_temple_figure_eight

Skill      XL: |  1  2  3  4  5  6  7  8  9 |
---------------+----------------------------+-----
Necromancy     | 5 6 7 8 9 10 | 10.9
Spellcasting   | 3 |  3.1
Dodging        | 2 3 4 5 |  5.6
Fighting       | 1 2 3 4 5 |  5.6
Armour         | 1 2 4 5 |  5.1
Stealth        | |  1.7

Action                   |  1- 3 |  4- 6 |  7- 9 || total
-------------------------+-------+-------+-------++-------
Melee: Unarmed           |     4 |       |       ||     4
       Dagger            |    41 |       |       ||    41
       Trident           |       |    75 |   161 ||   236
       Staff             |       |       |     2 ||     2
Throw: Javelin           |       |     5 |     3 ||     8
 Cast: Pain              |    60 |   112 |   214 ||   386
       Animate Skeleton  |    21 |    12 |     7 ||    40
       Regeneration      |     1 |     3 |     9 ||    13
       Animate Dead      |       |     4 |    18 ||    22
Evoke: Wand              |       |       |     4 ||     4
  Use: Scroll            |       |    14 |     6 ||    20
 Stab: Sleeping          |     1 |       |     1 ||     2
       Distracted        |       |       |     1 ||     1
  Eat: Chunk             |     4 |    11 |     8 ||    23
       Ration            |       |     1 |     3 ||     4
Armor: Robe              |    24 |     9 |       ||    33
       Ring mail         |       |    59 |    89 ||   148
Dodge: Dodged            |    54 |    92 |   217 ||   363

Table legend:
 A = Non-vault XP
 B = Vault XP
 C = Vault XP percentage of total XP
 D = Non-vault monster count
 E = Vault monster count
 F = Vault count percentage of total count
                 A         B        C        D         E       F
            +---------+---------+-------+---------+---------+-------
      Total |    4613 |     291 |   5.9 |     170 |       8 |   4.5
            +---------+---------+-------+---------+---------+-------
        D:1 |      59 |       6 |   9.2 |      26 |       4 |  13.3
        D:2 |      49 |       0 |   0.0 |      22 |       0 |   0.0
        D:3 |     111 |       0 |   0.0 |      29 |       0 |   0.0
        D:4 |     502 |       0 |   0.0 |      24 |       0 |   0.0
        D:5 |     975 |       4 |   0.4 |      21 |       2 |   8.7
        D:6 |     999 |     238 |  19.2 |      14 |       1 |   6.7
        D:7 |    1107 |      43 |   3.7 |      19 |       1 |   5.0
        D:8 |     811 |       0 |   0.0 |      15 |       0 |   0.0
            +---------+---------+-------+---------+---------+-------
